 Dungeon Crawl Stone Soup version 0.18.1-50-g88ac8fd (webtiles) character file.

34636 magog001 the Blocker (level 13, -5/111 HPs)
             Began as a Deep Dwarf Artificer on Oct 3, 2017.
             Was a High Priest of Nemelex Xobeh.
             Killed by mirror damage (15 damage)
             ... on level 15 of the Dungeon on Oct 5, 2017.
             The game lasted 02:01:42 (14114 turns).

magog001 the Blocker (Deep Dwarf Artificer)        Turns: 14114, Time: 02:01:43

Health: -5/111     AC: 23    Str: 36    XL:     13   Next: 43%
Magic:  0/0        EV: 15    Int: 14    God:    Nemelex Xobeh [*****.]
Gold:   1021       SH: 21    Dex: 14    Spells: 0 memorised, 12 levels left

rFire  . . .     SeeInvis +     Q - +9 rapier of Ofogozera {flame, *Confuse Str+4 SInv}
rCold  + . .     Gourm    .     Y - +4 plate armour {rPois}
rNeg   . . .     Faith    .     p - +1 shield
rPois  +         Spirit   .     (no helmet)
rElec  .         Dismiss  .     U - +1 cloak
rCorr  .         Reflect  +     q - +0 pair of gloves {Str+3}
SustAt .         Harm     .     i - +0 pair of boots
MR     +....                    L - +5 amulet of reflection
Stlth  ..........               s - +3 ring of strength
                                F - +3 ring of dexterity

@: mighty, non-regenerating, somewhat resistant to hostile enchantments,
extremely unstealthy
A: damage resistance, recharge devices, blink, clumsy 1, cold resistance 1, low
mp 1, sense surroundings 2, screaming 1, slow regeneration 3, strong 1
a: Device Recharging, Blink, Triple Draw, Deal Four, Stack Five, Renounce
Religion


You were on level 15 of the Dungeon.
You worshipped Nemelex Xobeh.
Nemelex Xobeh was extremely pleased with you.
You were not hungry.

You visited 1 branch of the dungeon, and saw 15 of its levels.
You also visited: Sewer and Bailey.

You collected 1043 gold pieces.

Inventory:

Hand Weapons
 v - a +2 flail of protection
 O - a +0 demon trident of pain
 Q - the +9 rapier of Ofogozera (weapon) {flame, *Confuse Str+4 SInv}
   (You found it on level 14 of the Dungeon)

   It has been specially enchanted to burn those struck by it, causing extra
   injury to most foes and up to half again as much damage against particularly
   susceptible opponents.
   It affects your strength (+4).
   It lets you see invisible.
   It may confuse you when you take damage.
Missiles
 o - 3 javelins
 r - 9 tomahawks (quivered)
 W - 28 sling bullets
Armour
 i - a +0 pair of boots (worn)
 p - a +1 shield (worn)
 q - a +0 pair of gloves of strength (worn)
 U - a +1 cloak (worn)
 Y - a +4 plate armour of poison resistance (worn)
Jewellery
 h - an uncursed ring of flight
 s - a +3 ring of strength (right hand)
 F - a +3 ring of dexterity (left hand)
 L - a +5 amulet of reflection (around neck)
Wands
 b - a wand of lightning (9/15)
 c - a wand of flame (10/48)
 d - a wand of enslavement (14/24)
 f - a wand of heal wounds (0/9)
 m - a wand of random effects (27/48)
 w - a wand of iceblast (0/15)
 z - a wand of lightning (2/15)
 C - a wand of acid (1/15)
 E - a wand of flame (15/48)
 G - a wand of hasting (0/9)
Scrolls
 j - 6 scrolls of remove curse
 n - 3 scrolls of magic mapping
 y - 3 scrolls of fear
 D - a scroll of summoning
 K - 5 scrolls of teleportation
 T - a scroll of enchant weapon
Potions
 t - a potion of cancellation
 x - 6 potions of might
 A - 3 potions of brilliance
 N - a potion of magic
 P - 3 potions of cure mutation
Miscellaneous
 e - a plain deck of changes {drawn: 2}
 u - a fan of gales (inert)
 B - a plain deck of war {drawn: 3}
 I - a legendary deck of war {drawn: 2}
 M - a plain deck of escape {drawn: 4}
 R - an ornate deck of destruction {drawn: 2}
 V - a plain deck of escape {drawn: 2}
 X - an ornate deck of escape
Comestibles
 g - 8 bread rations
 J - 3 fruits


   Skills:
 + Level 6.0 Fighting
 - Level 1.6 Short Blades
 - Level 10.2 Maces & Flails
 + Level 1.7 Throwing
 * Level 10.0 Armour
 + Level 12.4 Dodging
 - Level 4.2 Stealth
 * Level 13.4 Shields
 - Level 5.5 Evocations


You had 12 spell levels left.
You didn't know any spells.

Dungeon Overview and Level Annotations

Branches:
Dungeon (15/15)            Temple (0/1) D:6            Lair (0/8) D:10
    Orc (0/2) D:10         Vaults (0/5) D:14         Depths (0/5) D:15

Altars:
Ashenzari
Cheibriados
Elyvilon
Makhleb
Nemelex Xobeh
Pakellas
Qazlal
Trog
Vehumet
The Shining One


Innate Abilities, Weirdness & Mutations

You are resistant to damage.
You can recharge devices by infusing magical energy.
You passively map the area around you.
You do not regenerate naturally.
You can translocate small distances at will.
You are clumsy. (Dex -2)
Your flesh is cold resistant.
Your magical capacity is low (-10% MP).
You occasionally shout uncontrollably at your foes.
Your muscles are strong. (Str +2)


Message History

The arrow closely misses the centaur.
The arrow barely misses the death knight.
The arrow hits the centaur!
Throwing (i - inventory. (,) - cycle):
r - 11 tomahawks (quivered)
Press: ? - help, Shift-Dir - straight line, f - centaur
Aim: a centaur, wielding a shortbow (severely wounded)
You throw a tomahawk. The tomahawk hits the centaur.
The centaur is almost dead.
The centaur shoots an arrow.
The arrow hits you but does no damage.
Throwing (i - inventory. (,) - cycle):
r - 10 tomahawks (quivered)
Press: ? - help, Shift-Dir - straight line, f/p - centaur
Aim: a centaur, wielding a shortbow (almost dead)
You throw a tomahawk. The tomahawk hits the centaur!
You kill the centaur!
A phantasmal warrior comes into view.
You impale the death knight!! You burn the death knight!
The death knight is moderately wounded.
Your damage is reflected back at you!
You die...
Your body disappears without a glow.

#......# #.# #.., ,
#..#######[### #.#* ,
#.......[....# #.# *
##[#########.###.# #
#.# ##...##(#*.# #.#
##.#.#.#)##(##. #######
#.# #.##.......!..p
#.....#
#.#######.#.?......#
#.###.#
#....@p)9c).W...####
#<#
#.#####.#########(#..##
, #.#
#^..............(.#..#
, #.#
########.##########..#
,..# #.# #........ *###
#.# ##....... #.#
#.##.##. #.# #.#*## #.#
* .# ,


You could see a death knight, a phantasmal warrior, a gargoyle and a centaur.

Vanquished Creatures
  Kirke (D:13)
  Maud (D:14)
  A stone giant (D:13)
  Josephine (D:13)
  4 vault guards (D:14)
  A hydra (D:14)
  2 centaur warriors
  A tengu warrior (D:14)
  A skeletal warrior (D:15)
  An unseen horror (D:14)
  4 orc knights
  6 hill giants
  Pikel (D:9)
  A griffon (D:13)
  A cyclops (D:13)
  A gargoyle (D:13)
  2 centaur zombies
  2 yaktaurs (D:14)
  2 efreet (D:14)
  3 tengu conjurers
  3 two-headed ogres
  5 trolls
  Grinder (D:6)
  A hornet zombie (D:14)
  A harpy skeleton (D:14)
  A shadow (D:14)
  7 wraiths
  3 vampires
  3 yaks
  3 hogs (D:13)
  4 wyverns
  6 hungry ghosts
  A mottled dragon (D:14)
  5 wargs (D:10)
  Duvessa (D:6)
  Purgy (Sewer)
  A sky beast (D:12)
  3 ice beasts
  5 orc warriors
  9 ogres
  3 phantoms
  An eye of draining (D:14)
  5 centaurs
  2 big kobolds
  Blork the orc (D:6)
  9 giant frogs
  A wyvern zombie (D:13)
  3 scorpions
  A wyvern skeleton (D:8)
  Dowan (D:6)
  A water moccasin skeleton (D:8)
  3 jellies
  3 wights (D:7)
  5 killer bees (D:12)
  An electric eel (D:9)
  6 crimson imps
  5 howler monkeys
  A giant frog zombie (D:7)
  2 giant frog skeletons
  5 orc priests
  3 hounds
  An iguana (D:8)
  6 orc wizards
  8 worker ants
  A killer bee zombie (D:10)
  2 sheep (D:12)
  3 hound skeletons
  A worker ant zombie (D:10)
  Robin (D:2)
  7 adders
  9 gnolls
  7 shadow imps
  2 oozes (D:5)
  An adder zombie (D:9)
  2 adder skeletons
  6 worms
  3 dart slugs
  4 giant geckos
  65 orcs
  5 giant cockroaches
  33 goblins
  17 hobgoblins
  10 jackals
  2 quokkas
  A ball python (D:1)
  6 bats
  5 giant newts
  A jackal zombie (D:8)
  13 kobolds
  A quokka skeleton (D:7)
  10 rats
396 creatures vanquished.

Vanquished Creatures (collateral kills)
  An orc warlord (Bailey)
  An orc knight (Bailey)
  A basilisk (D:15)
  3 orc warriors (Bailey)
  3 gnolls (Bailey)
  3 orcs (Bailey)
  4 goblins (Bailey)
  3 hobgoblins (Bailey)
19 creatures vanquished.

Vanquished Creatures (others)
  A centaur warrior (D:14)
  An orc sorcerer (D:14)
  A cyclops (D:12)
  2 humans
  A hippogriff (D:6)
  6 centaurs
  An orc wizard (D:6)
  A kobold (D:8)
14 creatures vanquished.

Grand Total: 429 creatures vanquished

Notes
Turn   | Place    | Note
--------------------------------------------------------------
     0 | D:1      | magog001 the Deep Dwarf Artificer began the quest for the Orb.
     0 | D:1      | Reached XP level 1. HP: 16/16 MP: 3/3
   456 | D:1      | Reached XP level 2. HP: 24/24 MP: 5/5
   808 | D:1      | Reached skill level 1 in Fighting
   975 | D:2      | Reached skill level 1 in Armour
  1243 | D:2      | Noticed Robin
  1243 | D:2      | Reached skill level 1 in Short Blades
  1243 | D:2      | Reached XP level 3. HP: 29/31 MP: 6/6
  1265 | D:2      | Killed Robin
  1577 | D:2      | Noticed Jessica
  1584 | D:2      | Noticed Jessica
  1584 | D:2      | Jessica changed into Jessica the giant gecko
  1596 | D:2      | Killed Jessica the giant gecko
  1623 | D:2      | Reached XP level 4. HP: 17/38 MP: 7/7
  2144 | D:3      | Noticed a moth of wrath
  2203 | D:3      | Found a bloodstained altar of Trog.
  2285 | D:3      | Gained mutation: You are robust (+10% HP). [potion of beneficial mutation]
  2546 | D:4      | Noticed an ogre
  2559 | D:4      | HP: 1/41 [ogre/giant spiked club (30)]
  2568 | D:4      | Killed an ogre
  2568 | D:4      | Reached skill level 5 in Evocations
  2568 | D:4      | Reached XP level 5. HP: 20/49 MP: 8/8
  2668 | D:4      | Noticed an ogre
  2679 | D:4      | Killed an ogre
  2679 | D:4      | Reached XP level 6. HP: 27/57 MP: 8/10
  3610 | D:5      | Entered Level 5 of the Dungeon
  3665 | D:5      | Found a radiant altar of Vehumet.
  3766 | D:4      | Reached skill level 1 in Maces & Flails
  3766 | D:4      | Reached XP level 7. HP: 55/66 MP: 10/10
  3883 | D:5      | Reached skill level 1 in Shields
  4102 | D:5      | Reached skill level 2 in Shields
  4118 | D:5      | Reached skill level 5 in Dodging
  4293 | D:5      | Found a glowing golden altar of the Shining One.
  4293 | D:5      | Found a snail-covered altar of Cheibriados.
  4295 | D:5      | Found a burning altar of Makhleb.
  4297 | D:5      | Found a stormy altar of Qazlal.
  4298 | D:5      | Found a sparkling altar of Nemelex Xobeh.
  4307 | D:5      | Became a worshipper of Nemelex Xobeh the Trickster
  4431 | D:5      | Received a gift from Nemelex Xobeh
  4453 | D:5      | Found a snail-covered altar of Cheibriados.
  4736 | D:6      | Found a glowing drain.
  4757 | Sewer    | Entered a sewer
  4812 | Sewer    | Noticed Purgy
  4836 | Sewer    | Killed Purgy
  4836 | Sewer    | Reached skill level 3 in Shields
  4836 | Sewer    | Reached XP level 8. HP: 57/74 MP: 11/11
  4913 | D:6      | Found a staircase to the Ecumenical Temple.
  4961 | D:6      | Noticed Dowan
  4965 | D:6      | Noticed Duvessa
  4973 | D:6      | Killed Dowan
  4988 | D:6      | Killed Duvessa
  5153 | D:6      | Reached * piety under Nemelex Xobeh
  5153 | D:6      | Received a gift from Nemelex Xobeh
  5334 | D:6      | Found an oddly glowing altar of Pakellas.
  5334 | D:6      | Noticed an orange crystal statue
  5382 | D:6      | Noticed Blork the orc
  5417 | D:6      | Killed Blork the orc
  5429 | D:6      | Reached skill level 4 in Shields
  5723 | D:6      | Found a white marble altar of Elyvilon.
  5778 | D:6      | Noticed Grinder
  5794 | D:6      | Killed Grinder
  5998 | D:7      | Reached skill level 5 in Shields
  6029 | D:7      | Gained mutation: You passively map the area around you. [Deep Dwarf growth]
  6029 | D:7      | Reached XP level 9. HP: 41/82 MP: 11/11
  6115 | D:7      | Reached skill level 5 in Armour
  6338 | D:7      | Found a shattered altar of Ashenzari.
  6754 | D:8      | Reached skill level 6 in Shields
  6860 | D:8      | Reached skill level 5 in Maces & Flails
  6973 | D:8      | Reached ** piety under Nemelex Xobeh
  7085 | D:8      | Received a gift from Nemelex Xobeh
  7600 | D:9      | Reached skill level 7 in Shields
  7882 | D:9      | Noticed Pikel
  7894 | D:9      | Killed Pikel
  7894 | D:9      | Reached XP level 10. HP: 69/93 MP: 12/12
  8016 | D:9      | Received a gift from Nemelex Xobeh
  8172 | D:9      | Gained mutation: Your flesh is heat resistant. [potion of mutation]
  8172 | D:9      | Gained mutation: Your magical capacity is low (-10% MP). [potion of mutation]
  8172 | D:9      | Lost mutation: Your flesh is heat resistant. [potion of mutation]
  8177 | D:10     | Entered Level 10 of the Dungeon
  8379 | D:10     | Found a staircase to the Orcish Mines.
  8446 | D:10     | Reached skill level 8 in Shields
  8537 | D:10     | Reached *** piety under Nemelex Xobeh
  8692 | D:10     | Found a staircase to the Lair.
  8780 | D:10     | Received a gift from Nemelex Xobeh
  9367 | D:11     | Reached skill level 9 in Shields
  9396 | D:11     | Noticed a hill giant
  9410 | D:11     | Killed a hill giant
  9447 | D:11     | You fall through a shaft for 2 floors!
  9496 | D:13     | Noticed a griffon
  9525 | D:13     | Killed a griffon
  9533 | D:13     | Reached XP level 11. HP: 49/102 MP: 8/8
  9553 | D:13     | Noticed a hill giant
  9578 | D:13     | Killed a hill giant
  9783 | D:13     | Noticed a centaur warrior
  9798 | D:13     | Killed a centaur warrior
  9871 | D:13     | Noticed Josephine
  9888 | D:13     | Killed Josephine
  9888 | D:13     | Reached skill level 10 in Dodging
  9888 | D:13     | Reached skill level 10 in Shields
 10016 | D:13     | Noticed Kirke
 10060 | D:13     | Killed Kirke
 10060 | D:13     | Reached skill level 5 in Fighting
 10088 | D:13     | Received a gift from Nemelex Xobeh
 10326 | D:13     | Noticed Rupert
 10328 | D:13     | Paralysed by Rupert for 4 turns
 10333 | D:13     | Noticed Rupert
 10333 | D:13     | Rupert changed into Rupert the stone giant
 10350 | D:13     | Killed Rupert the stone giant
 10504 | D:14     | Noticed a vault guard
 10508 | D:14     | Received a gift from Nemelex Xobeh
 10519 | D:14     | Noticed an orc sorcerer
 10547 | D:14     | Killed a vault guard
 10547 | D:14     | Reached XP level 12. HP: 111/113 MP: 5/5
 10625 | D:14     | Reached skill level 11 in Shields
 10657 | D:14     | Found a gate to the Vaults.
 10657 | D:14     | Noticed a vault guard
 10657 | D:14     | Noticed a vault guard
 10699 | D:14     | Noticed a vault guard
 10754 | D:14     | Killed a vault guard
 10754 | D:14     | Reached skill level 1 in Throwing
 10762 | D:14     | Noticed a four-headed hydra
 10763 | D:14     | Killed a vault guard
 10765 | D:14     | Killed a four-headed hydra
 10774 | D:14     | Noticed a tengu warrior
 10788 | D:14     | Killed a tengu warrior
 10838 | D:14     | Killed a vault guard
 11029 | D:14     | Noticed a centaur warrior
 11057 | D:14     | Killed a centaur warrior
 11083 | D:14     | Reached **** piety under Nemelex Xobeh
 11170 | D:14     | Reached skill level 10 in Maces & Flails
 11217 | D:14     | Lost mutation: You are robust (+10% HP). [potion of mutation]
 11217 | D:14     | Gained mutation: Your flesh is cold resistant. [potion of mutation]
 11217 | D:14     | Gained mutation: Your muscles are strong. (Str +2) [potion of mutation]
 11371 | D:14     | Received a gift from Nemelex Xobeh
 11381 | D:14     | Noticed Maud
 11431 | D:14     | Killed Maud
 11548 | D:14     | Got a bloodstained rapier
 11554 | D:14     | Identified the +9 rapier of Ofogozera {flame, *Confuse Str+4 SInv} (You found it on level 14 of the Dungeon)
 11787 | D:14     | Identified a scroll of acquirement
 11799 | D:14     | Noticed a centaur warrior
 11805 | D:14     | Killed a centaur warrior
 11805 | D:14     | Reached skill level 12 in Shields
 11894 | D:14     | Reached XP level 13. HP: 69/111 MP: 1/1
 12211 | D:12     | Received a gift from Nemelex Xobeh
 12267 | D:12     | Found a flagged portal.
 12274 | Bailey   | Entered a bailey
 12518 | Bailey   | Noticed an orc warlord
 12532 | Bailey   | Killed an orc warlord
 12739 | Bailey   | Gained mutation: You can translocate small distances at will. [potion of beneficial mutation]
 12878 | D:12     | Reached skill level 13 in Shields
 12957 | D:12     | Gained mutation: You occasionally shout uncontrollably at your foes. [mutagenic glow]
 13515 | D:12     | Received a gift from Nemelex Xobeh
 13636 | D:12     | Reached ***** piety under Nemelex Xobeh
 13849 | D:15     | Entered Level 15 of the Dungeon
 13934 | D:15     | Gained mutation: You are clumsy. (Dex -2) [helix card]
 14076 | D:15     | Reached skill level 10 in Armour
 14114 | D:15     | Killed by mirror damage

Skill      XL: |  1  2  3  4  5  6  7  8  9 10 11 12 13 |
---------------+----------------------------------------+-----
Fighting       | 1 2 3 4 5 6 |  6.0
Armour         | 1 2 3 4 6 7 8 9 10 | 10.0
Short Blades   | 1 |  1.6
Dodging        | 3 4 5 6 8 9 10 12 | 12.4
Stealth        | 2 3 4 |  4.2
Evocations     | 5 |  5.5
Maces & Flails | 1 3 4 5 7 9 10 | 10.2
Shields        | 3 5 7 9 10 12 13 | 13.4
Throwing       | 1 |  1.7

Action                   |  1- 3 |  4- 6 |  7- 9 | 10-12 | 13-15 || total
-------------------------+-------+-------+-------+-------+-------++-------
Melee: Short sword       |   209 |   174 |       |       |       ||   383
       Flail             |       |   106 |   585 |   880 |       ||  1571
       Rapier            |       |       |       |    30 |   278 ||   308
Throw: Tomahawk          |       |       |       |    11 |    26 ||    37
       Javelin           |       |       |       |     4 |     3 ||     7
 Abil: Device Recharging |       |     1 |     1 |    12 |     1 ||    15
       Evoke Flight      |       |       |     1 |     3 |       ||     4
Evoke: Wand              |     5 |    22 |    15 |    76 |    11 ||   129
       Deck              |       |       |     1 |    15 |    35 ||    51
       Fan of gales      |       |       |       |       |     1 ||     1
  Use: Scroll            |       |    16 |     8 |     6 |     4 ||    34
       Potion            |       |     4 |       |    14 |    10 ||    28
 Stab: Sleeping          |     2 |     3 |    11 |     6 |       ||    22
       Paralysed         |       |     4 |       |       |       ||     4
       Confused          |       |     1 |       |       |       ||     1
       Distracted        |       |       |     2 |     1 |       ||     3
  Eat: Chunk             |     3 |     4 |     6 |    11 |     1 ||    25
       Beef jerky        |       |     1 |     2 |       |       ||     3
       Meat ration       |       |     1 |     2 |       |     2 ||     5
       Pizza             |       |       |     1 |       |       ||     1
       Bread ration      |       |       |       |     2 |       ||     2
Armor: Leather armour    |    45 |    60 |    89 |       |       ||   194
       Robe              |       |       |    85 |   179 |       ||   264
       Chain mail        |       |       |       |     4 |    59 ||    63
       Skin              |       |       |       |       |    25 ||    25
       Plate armour      |       |       |       |       |     3 ||     3
Dodge: Dodged            |   119 |   150 |   256 |   374 |   146 ||  1045
Block: Shield            |       |    60 |   469 |   747 |   449 ||  1725
       Reflection        |       |       |     4 |    27 |    18 ||    49
